[Event "Early-Titled-Tuesday-Blitz-February-27-2024"]
[Site "Chess.com"]
[Date "2024.02.27"]
[Round "9"]
[White "dennisodessa"]
[Black "annacramling"]
[Result "1-0"]
[WhiteElo "2590"]
[BlackElo "2117"]
[TimeControl "180+1"]
[EndTime "9:43:52 PST"]
[Termination "dennisodessa won by checkmate"]

1. d4 d6 2. c4 e6 3. Nc3 Nd7 4.
e4 Ne7 5. h4 h5 6. Be2 g6 7.
Nh3 Bg7 8. Be3 a6 9. Ng5 O-O 10. g4 c5 11. gxh5 cxd4 12. Bxd4 Ne5 13. hxg6 N7xg6 14. Qd2 f6 15. Nf3 Nxf3+ 16. Bxf3 Ne5 17. Be2 f5 18. f4 Ng4 19. Bxg7 Kxg7 20. O-O-O Kh7 21. Rdf1 b5 22. Rhg1 bxc4 23. Bxg4 fxg4 24. Rxg4 e5 25. f5 Bb7 26. Rfg1 Qf6 27. Qg5 Qxg5+ 28. Rxg5 Rg8 29.
Rh5# 1-0

[Event "Early-Titled-Tuesday-Blitz-February-27-2024"]
[Site "Chess.com"]
[Date "2024.02.27"]
[Round "9"]
[White "francyIM"]
[Black "Andreikka"]
[Result "0-1"]
[WhiteElo "2786"]
[BlackElo "2959"]
[TimeControl "180+1"]
[EndTime "9:43:53 PST"]
[Termination "Andreikka won by resignation"]

1. d4 Nf6 2. c4 e6 3. Nc3 d5 4. cxd5 exd5 5. Bg5 c6 6. e3 h6 7. Bh4 Be7 8. Bd3 O-O 9. Qc2 Re8 10. Nf3 Ne4 11. Bxe7 Qxe7 12. O-O Nd7 13. b4 a6 14. a4 Ndf6 15. b5 axb5 16. axb5 Rxa1 17. Rxa1 c5 18. dxc5 Nxc5 19. h3 Be6 20. Bf1 Rc8 21.
Qb2 Bd7 22. Nd4 Qe5 23. Rd1 Nce4 24. Rc1 Nc5 25. Rc2 Qg5 26. Qb4 Bxh3 27. Na4 Nce4 28. Rxc8+ Bxc8 29. Qe1 Qh4 30. g3 Qh5 31. Be2 Ng4 32.
Bxg4 Bxg4 33. Nc3 Ng5 34. f4 Bf3 0-1

[Event "Early-Titled-Tuesday-Blitz-February-27-2024"]
[Site "Chess.com"]
[Date "2024.02.27"]
[Round "9"]
[White "Arlo2024"]
[Black "Kristof_08"]
[Result "0-1"]
[WhiteElo "2306"]
[BlackElo "2432"]
[TimeControl "180+1"]
[EndTime "9:43:57 PST"]
[Termination "Kristof_08 won by resignation"]

1. e4 c5 2. Nc3 e6 3. g3 d5 4. exd5 exd5 5. Bg2 Nf6 6. Nge2 d4 7. Ne4 Nxe4 8.
Bxe4 Nd7 9. O-O Nf6 10. Bg2 Bd6 11. c3 d3 12. Nf4 Bxf4 13. Qa4+ Bd7 14. Re1+ Kf8 15. Qxf4 Bc6 16. b4 Bxg2 17. Kxg2 Qd5+ 18. Qf3 c4 19. Qxd5 Nxd5 20. b5 f6 21. Re4 Kf7 22.
Rxc4 Rhd8 23. Ba3 a6 24. b6 Nxb6 25. Rh4 Rd5 26. c4 Ra5 27. Bb4 Ra4 28. a3 a5 29.
Bc3 Rxc4 30. Rb1 Rxh4 31. gxh4 Nd5 32. Rxb7+ Ke6 33. Rxg7 Nxc3 34. Rg3 Rd8 35. Re3+ Kf7 36. Rxd3 Rxd3 0-1

[Event "Early-Titled-Tuesday-Blitz-February-27-2024"]
[Site "Chess.com"]
[Date "2024.02.27"]
[Round "9"]
[White "IngOscarArdila"]
[Black "chessamical"]
[Result "0-1"]
[WhiteElo "2271"]
[BlackElo "2192"]
[TimeControl "180+1"]
[EndTime "9:43:58 PST"]
[Termination "chessamical won by resignation"]

1. d4 Nf6 2. c4 e6 3. Nc3 d5 4. Nf3 Bb4 5. Qc2 dxc4 6. Bg5 h6 7. Bxf6 Qxf6 8. e3 b5 9. a4 Nd7 10. axb5 Nb6 11. Be2 Bb7 12. O-O O-O 13. Ne4 Qg6 14. Nfd2 Bxd2 15. Qxd2 Bxe4 16. f3 Bd3 17.
Rfd1 Bxe2 18. Qxe2 Qg5 19. Qf2 Qxb5 20. h4 a5 21. g4 a4 22. Kf1 c3+ 23. Kg2 cxb2 24.
Ra2 a3 25. Rb1 Qb3 26. Raxb2 axb2 27. Rxb2 Qc4 28. Rc2 Qd3 29. Rd2 Qa3 30. Rc2 Rfc8 31. g5 hxg5 32. hxg5 c5 33. g6 cxd4 34. gxf7+ Kxf7 35. Re2 d3 36. Rd2 Rc2 37. Kh3 Qc3 38. Rxc2 dxc2 39.
Qh4 c1=Q 40. Qh5+ Kg8 0-1

[Event "Early-Titled-Tuesday-Blitz-February-27-2024"]
[Site "Chess.com"]
[Date "2024.02.27"]
[Round "9"]
[White "laziestwin"]
[Black "Nikolakis2014"]
[Result "0-1"]
[WhiteElo "2584"]
[BlackElo "2750"]
[TimeControl "180+1"]
[EndTime "9:43:59 PST"]
[Termination "Nikolakis2014 won by checkmate"]

1. d4 Nf6 2. c4 g6 3. Nf3 Bg7 4. g3 d6 5. Bg2 O-O 6. O-O Nbd7 7.
Nc3 e5 8. h3 Re8 9. e4 exd4 10.
Nxd4 Nc5 11. f3 h6 12. Be3 c6 13. Qd2 d5 14. Nxc6 bxc6 15. Bxc5 Rb8 16. cxd5 cxd5 17.
exd5 Nh5 18. Bf2 Qd6 19. Ne4 Rxe4 20. fxe4 Be5 21. Rac1 Bb7 22. Bc5 Qd8 23. Qf2 Qd7 24. g4 Nf4 25. Bd4 Bxd4 26. Qe3 Bxe3+ 27. Kh2 Nxg2 28. Kxg2 Bxd5 29. Rcd1 Bxe4+ 30. Kg3 Qc7+ 31. Kh4 Bg5# 0-1

[Event "Early-Titled-Tuesday-Blitz-February-27-2024"]
[Site "Chess.com"]
[Date "2024.02.27"]
[Round "9"]
[White "Zavgorodniy_Sergiy"]
[Black "Matols"]
[Result "1-0"]
[WhiteElo "2633"]
[BlackElo "2410"]
[TimeControl "180+1"]
[EndTime "9:44:00 PST"]
[Termination "Zavgorodniy_Sergiy won by resignation"]

1. d4 d5 2. c4 e6 3. Nf3 Nf6 4. e3 a6 5. Nbd2 dxc4 6. Bxc4 b5 7. Bd3 Bb7 8. O-O Nbd7 9. a4 b4 10. b3 c5 11. Bb2 cxd4 12. Bxd4 Bc5 13. Qe2 Bxd4 14.
Nxd4 O-O 15. Rac1 Ne5 16. Bb1 Qd5 17. f3 Rac8 18. Ne4 Nxe4 19. Bxe4 Qd7 20. Bxb7 Qxb7 21. Qd2 h6 22. Rxc8 Rxc8 23. Rc1 a5 24. Rc2 Rxc2 25.
Qxc2 Qd5 26. Kf2 g6 27. h3 Kg7 28. Ke2 h5 29. Qc7 Nd7 30. Qc6 Nc5 31. Qxd5 exd5 32.
Kd2 Kf6 33. Kc2 Nb7 34. Nc6 Ke6 35. Kd3 Kd6 36. Nd4 Nc5+ 37. Ke2 f6 38. Kd2 Nb7 39.
Kc2 Nc5 40. Nb5+ Ke5 41. Nd4 Kd6 42. h4 Nb7 43. g4 Nc5 44. gxh5 gxh5 45. Nf5+ Ke5 46.
Ng7 d4 47. exd4+ Kxd4 48. Nxh5 Ke3 49. Nxf6 Kxf3 50. h5 Ne6 51. h6 Ng5 52. h7 1-0

[Event "Early-Titled-Tuesday-Blitz-February-27-2024"]
[Site "Chess.com"]
[Date "2024.02.27"]
[Round "9"]
[White "SashaKuzhilniy"]
[Black "Binary010"]
[Result "0-1"]
[WhiteElo "2612"]
[BlackElo "2844"]
[TimeControl "180+1"]
[EndTime "9:44:01 PST"]
[Termination "Binary010 won by checkmate"]

1. b3 e5 2. Bb2 Nc6 3. e3 Nf6 4. Bb5 e4 5. d3 a6 6. Bxc6 dxc6 7.
Ne2 Bf5 8. Ng3 Bg6 9. d4 h5 10.
h4 Bd6 11. Nd2 Bxg3 12. fxg3 Qd6 13. Nf1 O-O-O 14. Qe2 Bf5 15. Qf2 Bg4 16. Qf4 Qe6 17.
Nd2 Nd5 18. Qf2 Kb8 19. O-O f6 20. a3 Ne7 21. c4 Nf5 22. Rae1 Rde8 23. Qf4 Rhg8 24.
a4 g5 25. Qf2 Rg6 26. d5 cxd5 27.
cxd5 Qxd5 28. Nc4 Qe6 29. Kh2 Rf8 30. a5 Rfg8 31. hxg5 Rxg5 32. Qf4 h4 33. gxh4 Nxh4 34. Qxf6 Nf3+ 35. Rxf3 exf3 36. Qxe6 Bxe6 37. gxf3 Rh5# 0-1

[Event "Early-Titled-Tuesday-Blitz-February-27-2024"]
[Site "Chess.com"]
[Date "2024.02.27"]
[Round "9"]
[White "Preobrazhenska_D2011"]
[Black "PolandHussars"]
[Result "0-1"]
[WhiteElo "2438"]
[BlackElo "2573"]
[TimeControl "180+1"]
[EndTime "9:44:01 PST"]
[Termination "PolandHussars won by checkmate"]

1. e4 e5 2. Nf3 Nc6 3. Bb5 g6 4.
c3 d6 5. O-O Bg7 6. d4 Bd7 7.
Re1 Nge7 8. d5 Nb8 9. Bxd7+ Nxd7 10. Nbd2 O-O 11. c4 h6 12. h4 f5 13. Qc2 Nf6 14. exf5 Nxf5 15. Ne4 Ng4 16. Qe2 Nxh4 17. Nfd2 h5 18.
g3 Nf5 19. Nf3 Bh6 20. Bxh6 Nfxh6 21. Nfg5 Qe7 22. f3 Nf6 23. Qd2 Nxe4 24. Nxe4 Nf5 25. Kg2 Nd4 26. Rf1 Rf5 27. f4 Raf8 28. Rae1 Qg7 29.
Ng5 exf4 30. gxf4 h4 31. Re4 c5 32. dxc6 Nxc6 33. Ne6 Qf6 34. Nxf8 Qxf8 35. Re6 Kh7 36. Qxd6 Qg7 37. Rfe1 g5 38. Kh2 gxf4 39. R6e4 Qg3+ 40. Kh1 Qf3+ 41. Kh2 Qg3+ 42. Kh1 Qh3+ 43. Kg1 Rg5+ 44. Kf2 Rg2+ 45. Kf1 Qh1# 0-1

[Event "Early-Titled-Tuesday-Blitz-February-27-2024"]
[Site "Chess.com"]
[Date "2024.02.27"]
[Round "9"]
[White "Caroexpert"]
[Black "jraosam"]
[Result "1-0"]
[WhiteElo "2528"]
[BlackElo "1967"]
[TimeControl "180+1"]
[EndTime "9:44:01 PST"]
[Termination "Caroexpert won on time"]

1. Nf3 Nf6 2. d4 d5 3. Bf4 c5 4.
e3 Nc6 5. Nbd2 e6 6. c3 Bd6 7. Bg3 Qe7 8. Ne5 O-O 9. Bd3 Nd7 10. Nxd7 Bxd7 11. Bxd6 Qxd6 12. dxc5 Qxc5 13. Bxh7+ Kxh7 14. Qh5+ Kg8 15. Ne4 Qc4 16. Ng5 Rfd8 17. Qxf7+ Kh8 18. Qg6 Kg8 19. Rc1 Ne5 20. Qh7+ Kf8 21. Qh8+ Ke7 22. Qxg7+ Kd6 23. b3 Qb5 24. c4 Qb4+ 25. Ke2 Rg8 26. c5+ Qxc5 27. Qxe5+ Kxe5 28. Rxc5 b6 29. Rc3 d4 30. exd4+ Kxd4 31. Rd3+ Ke5 32. Nf3+ Kf6 33. Rxd7 1-0

[Event "Early-Titled-Tuesday-Blitz-February-27-2024"]
[Site "Chess.com"]
[Date "2024.02.27"]
[Round "9"]
[White "Misterfox120"]
[Black "pr1105"]
[Result "0-1"]
[WhiteElo "2417"]
[BlackElo "2333"]
[TimeControl "180+1"]
[EndTime "9:44:02 PST"]
[Termination "pr1105 won on time"]

1. d4 Nf6 2. Bf4 d5 3. e3 c5 4. Nf3 Nc6 5. Nbd2 Qb6 6. dxc5 Qxb2 7. Rb1 Qc3 8. Bb5 g6 9. e4 dxe4 10. Be5 Qxc5 11. Bg3 exf3 12. Qxf3 Bg7 13. O-O O-O 14. Nb3 Qxc2 15. Rfc1 Qxa2 16. Ra1 Qb2 17. Rab1 Qa3 18. Bxc6 bxc6 19. Qxc6 Be6 20. Nc5 Rac8 21. Qb5 Ne4 22. Nd3 a6 23. Qb7 Qxd3 24. Re1 Nxg3 25. hxg3 Bd4 0-1

[Event "Early-Titled-Tuesday-Blitz-February-27-2024"]
[Site "Chess.com"]
[Date "2024.02.27"]
[Round "9"]
[White "SantoBlue"]
[Black "krzyzan94"]
[Result "1-0"]
[WhiteElo "2973"]
[BlackElo "2795"]
[TimeControl "180+1"]
[EndTime "9:44:04 PST"]
[Termination "SantoBlue won on time"]

1. e4 c6 2. d4 d5 3. exd5 cxd5 4. c4 Nf6 5. Nc3 e6 6. Nf3 Bb4 7. Bg5 O-O 8. Bd3 dxc4 9. Bxc4 Bxc3+ 10. bxc3 Qc7 11.
Nd2 Nbd7 12. O-O b6 13. Rc1 Bb7 14. Bd3 h6 15. Bh4 Rac8 16. c4 Rfe8 17. Nb3 e5 18. d5 e4 19. Bb1 Qe5 20. Bg3 Qg5 21. Re1 h5 22. h4 Qh6 23. Nd4 e3 24. f3 e2 25.
Nxe2 Ne5 26. Bf4 Qh8 27. Qd4 Nfd7 28. Ng3 g6 29. Kh1 Qf6 30. Bg5 Qg7 31. Ne4 f6 32. Nxf6+ Nxf6 33. Rxe5 Nd7 34. Rxe8+ Rxe8 35. Qf4 Ne5 36.
Bf6 Qc7 37. Bxg6 1-0

[Event "Early-Titled-Tuesday-Blitz-February-27-2024"]
[Site "Chess.com"]
[Date "2024.02.27"]
[Round "9"]
[White "Mops_2004"]
[Black "Rud_Makarian"]
[Result "0-1"]
[WhiteElo "2832"]
[BlackElo "3097"]
[TimeControl "180+1"]
[EndTime "9:44:05 PST"]
[Termination "Rud_Makarian won by resignation"]

1. g3 d5 2. Bg2 Nf6 3. f4 c5 4.
Nf3 Nc6 5. O-O g6 6. d3 Bg7 7. Qe1 d4 8. a4 O-O 9. Na3 Be6 10. Ng5 Bd5 11. Bh3 h6 12. Nf3 Re8 13. Ne5 e6 14. Qf2 Re7 15. Nac4 Nxe5 16. Nxe5 Nd7 17. Nxd7 Qxd7 18.
b3 Kh7 19. Rb1 b6 20. e4 dxe3 21. Bxe3 Rae8 22. a5 f5 23. axb6 axb6 24. d4 Qc6 25.
dxc5 e5 26. fxe5 Rxe5 27. Rbe1 bxc5 28. Bf4 Rxe1 29. Rxe1 Bd4 30. Be3 Qe6 0-1

[Event "Early-Titled-Tuesday-Blitz-February-27-2024"]
[Site "Chess.com"]
[Date "2024.02.27"]
[Round "9"]
[White "LileKoridze"]
[Black "ProChessWICTH"]
[Result "0-1"]
[WhiteElo "2417"]
[BlackElo "2520"]
[TimeControl "180+1"]
[EndTime "9:44:07 PST"]
[Termination "ProChessWICTH won by resignation"]

1. d4 Nf6 2. c4 c5 3. d5 e6 4. Nc3 exd5 5. cxd5 d6 6. Nf3 g6 7. Nd2 Bg7 8. Nc4 O-O 9. Bg5 Na6 10.
e4 Nc7 11. Be2 b5 12. Na5 Bd7 13. Nb7 Qe7 14. Bf4 Nce8 15. O-O Nxe4 16. Nxe4 Qxe4 17.
Bxd6 Nxd6 18. Nxd6 Qb4 19. Rb1 c4 20. Ne4 Bf5 21.
Bf3 Bxe4 22. Bxe4 c3 23. Qf3 cxb2 24. Rfd1 Rad8 25. g3 Rd6 26. Bc2 Rc8 27. Bb3 Rc3 28.
Qe4 Qxe4 0-1

[Event "Early-Titled-Tuesday-Blitz-February-27-2024"]
[Site "Chess.com"]
[Date "2024.02.27"]
[Round "9"]
[White "kuba2006"]
[Black "FREDERICKtheMATE"]
[Result "0-1"]
[WhiteElo "2499"]
[BlackElo "2686"]
[TimeControl "180+1"]
[EndTime "9:44:13 PST"]
[Termination "FREDERICKtheMATE won on time"]

1. e4 c6 2. d3 d5 3. Nc3 g6 4. g3 Bg7 5. Bd2 dxe4 6. dxe4 e5 7. Bg2 Ne7 8. Nge2 O-O 9. O-O Be6 10. Bg5 f6 11.
Be3 Nd7 12. Qd6 Bf7 13. Rfd1 Nb6 14. Qc5 Qe8 15. b3 Nec8 16. Bh3 Be6 17. Bg2 Qe7 18. Qa5 Nd7 19. Rd2 Ncb6 20. Rad1 Rfd8 21. h3 Bf8 22. f4 exf4 23. gxf4 Re8 24. Rd3 Nc5 25. Bxc5 Qxc5+ 26. Qxc5 Bxc5+ 27. Kh1 Kf7 28. Ng3 Ke7 29. f5 Bf7 30. e5 fxe5 31. f6+ Kf8 32. Nce4 Ba3 33. Ng5 Kg8 34. N3e4 h6 35. Nxf7 Kxf7 36. c3 Bf8 37. b4 a5 38. c4 axb4 39. Rb1 Rad8 0-1

[Event "Early-Titled-Tuesday-Blitz-February-27-2024"]
[Site "Chess.com"]
[Date "2024.02.27"]
[Round "9"]
[White "jcmesafischer"]
[Black "Egor_Koshulyan"]
[Result "0-1"]
[WhiteElo "2394"]
[BlackElo "2666"]
[TimeControl "180+1"]
[EndTime "9:44:13 PST"]
[Termination "Egor_Koshulyan won on time"]

1. e4 c5 2. Nf3 Nc6 3. b3 Nf6 4. Nc3 d6 5. Bb2 e6 6. d4 cxd4 7. Nxd4 Be7 8. Be2 Bd7 9. O-O O-O 10. Qd2 a6 11. Rad1 Rc8 12. Kh1 b5 13. a4 b4 14.
Na2 Nxe4 15. Qe3 d5 16. Bxa6 Nxd4 17. Bxd4 Rxc2 18. Nc1 f5 19. f3 Bg5 20. f4 Bf6 21.
Bxf6 Qxf6 0-1

[Event "Early-Titled-Tuesday-Blitz-February-27-2024"]
[Site "Chess.com"]
[Date "2024.02.27"]
[Round "9"]
[White "GaiozNigalidze"]
[Black "ilqar_74"]
[Result "1-0"]
[WhiteElo "2687"]
[BlackElo "2817"]
[TimeControl "180+1"]
[EndTime "9:44:16 PST"]
[Termination "GaiozNigalidze won on time"]

1. d4 Nf6 2. c4 e6 3. Nf3 d5 4. cxd5 exd5 5. Nc3 Bb4 6. Bg5 h6 7. Bxf6 Qxf6 8. Qb3 Nc6 9. e3 O-O 10. Qxd5 Bg4 11. Be2 Rad8 12. Qc4 Bxf3 13. Bxf3 Nxd4 14. exd4 Rfe8+ 15. Kf1 Rxd4 16. Qb5 c6 17. Qxb7 Qe5 18. g3 Qf6 19. Kg2 Re6 20. Rad1 Bc5 21. Rxd4 Qxd4 22. Rf1 g5 23. h3 Rf6 24. Qc8+ Kg7 25. Qg4 Qd2 26. Ne4 1-0

[Event "Early-Titled-Tuesday-Blitz-February-27-2024"]
[Site "Chess.com"]
[Date "2024.02.27"]
[Round "9"]
[White "TheAlienParty"]
[Black "NM_Antelacus"]
[Result "0-1"]
[WhiteElo "2378"]
[BlackElo "2259"]
[TimeControl "180+1"]
[EndTime "9:44:19 PST"]
[Termination "NM_Antelacus won by checkmate"]

1. c4 e5 2. Nc3 Nf6 3. Nf3 Nc6 4.
e4 Bb4 5. d3 h6 6. h3 d6 7. a3 Bxc3+ 8. bxc3 O-O 9. a4 a5 10. Ba3 b6 11. Rb1 Bd7 12. g3 Ne7 13. Bg2 Qe8 14. Rb5 Bxb5 15. cxb5 Nd7 16. O-O Nc5 17. Ne1 Ng6 18. Qc2 Rd8 19. d4 Nd7 20.
Nd3 Qe6 21. f4 exf4 22. Nxf4 Nxf4 23. gxf4 Qc4 24. Rf2 Rfe8 25. f5 f6 26. Bf1 Qf7 27. Rg2 d5 28. Bd3 Kh8 29. Rg6 Nf8 30. Rg4 dxe4 31. Bxe4 Qh5 32. Kg2 Nh7 33. Bc6 Re3 34. Bf3 Ng5 35. Bc1 Qxh3+ 36. Kg1 Nxf3+ 37. Kf2 Qxg4 38. Bxe3 Ng5 39. Bxg5 Qxg5 40. Qd3 Re8 41. c4 Qf4+ 42. Kg2 Re3 43. Qd2 Rg3+ 44. Kh2 Qh4# 0-1

[Event "Early-Titled-Tuesday-Blitz-February-27-2024"]
[Site "Chess.com"]
[Date "2024.02.27"]
[Round "9"]
[White "AryanTari"]
[Black "wannabe2700"]
[Result "1-0"]
[WhiteElo "2938"]
[BlackElo "2750"]
[TimeControl "180+1"]
[EndTime "9:44:20 PST"]
[Termination "AryanTari won by resignation"]

1. c4 f5 2. g3 Nf6 3. Bg2 g6 4. Nc3 Bg7 5. d4 O-O 6. Nf3 d6 7. O-O c6 8. Rb1 a5 9. Qc2 Na6 10. Rd1 Qe8 11. d5 cxd5 12. cxd5 Bd7 13. Nd4 Rc8 14. Qb3 Nc5 15. Qa3 Ra8 16. h3 Nfe4 17. Nxe4 fxe4 18. Be3 b5 19. b3 Qf7 20. Nc6 b4 21. Qc1 Bxc6 22. dxc6 Rac8 23. Qc2 Qf5 24. Qc4+ Kh8 25. Rd5 Qf7 26. Bxe4 Rxc6 27. Bf3 Rfc8 28. Rxc5 d5 29. Qxd5 e6 30. Rxc6 exd5 31. Rxc8+ 1-0

[Event "Early-Titled-Tuesday-Blitz-February-27-2024"]
[Site "Chess.com"]
[Date "2024.02.27"]
[Round "9"]
[White "GeorgiosSouleidis"]
[Black "amanjazu"]
[Result "1-0"]
[WhiteElo "2710"]
[BlackElo "2533"]
[TimeControl "180+1"]
[EndTime "9:44:21 PST"]
[Termination "GeorgiosSouleidis won by checkmate"]

1. e4 Nf6 2. e5 Nd5 3. d4 d6 4.
Nf3 g6 5. Bc4 Nb6 6. Bb3 Bg7 7.
Ng5 O-O 8. Qf3 d5 9. Qg3 Nc6 10. c3 f6 11. Nf3 fxe5 12. Nxe5 Nxe5 13. dxe5 e6 14. Bg5 Qe8 15. Nd2 c5 16. h4 Rf5 17.
Nf3 Nd7 18. Bc2 Bxe5 19. Nxe5 Rxe5+ 20. Kf1 b6 21. h5 Ba6+ 22. Kg1 Re2 23. hxg6 hxg6 24.
Qh4 Qf8 25. Qh7# 1-0

[Event "Early-Titled-Tuesday-Blitz-February-27-2024"]
[Site "Chess.com"]
[Date "2024.02.27"]
[Round "9"]
[White "Brave_spirit12"]
[Black "Lion-Al-Messi"]
[Result "0-1"]
[WhiteElo "2695"]
[BlackElo "2553"]
[TimeControl "180+1"]
[EndTime "9:44:22 PST"]
[Termination "Lion-Al-Messi won by resignation"]

1. e4 e6 2. d4 d5 3. Nc3 Nf6 4.
e5 Nfd7 5. f4 c5 6. Nf3 Nc6 7.
Be3 a6 8. Qd2 b5 9. a3 Bb7 10.
Be2 Qb6 11. O-O g6 12. Nd1 Be7 13. c3 O-O-O 14. b4 c4 15. a4 Rdg8 16. axb5 axb5 17.
Ng5 Rg7 18. Nf2 h6 19. Nf3 Bd8 20. Ra2 Ne7 21. Rfa1 Nf5 22. Nd1 g5 23. fxg5 Nxe3 24. Nxe3 hxg5 25. Ng4 Kb8 26. Ra3 Be7 27. R1a2 Rgg8 28.
Qc1 Kc7 29. Qa1 Nb8 30. Nf6 Bxf6 31. exf6 Nc6 32. Qe1 Kd7 33. Qg3 Qc7 34. Qxc7+ Kxc7 35. Ra1 Rh6 36. Rf1 Rxf6 37. Raa1 g4 38. Ne5 Rxf1+ 39. Rxf1 f5 40. Kf2 Nxe5 41. dxe5 Ra8 42. h4 gxh3 43.
gxh3 Ra3 44. Rc1 d4 45. h4 Rxc3 46. Rxc3 dxc3 47. Bd1 Be4 48. Ke3 c2 49. Bxc2 Bxc2 50. Kf4 c3 51. h5 Be4 52. h6 c2 0-1

[Event "Early-Titled-Tuesday-Blitz-February-27-2024"]
[Site "Chess.com"]
[Date "2024.02.27"]
[Round "9"]
[White "Ati1517"]
[Black "UnTucopalaTimba"]
[Result "1-0"]
[WhiteElo "2228"]
[BlackElo "1990"]
[TimeControl "180+1"]
[EndTime "9:44:22 PST"]
[Termination "Ati1517 won by resignation"]

1. e4 c6 2. d4 d5 3. Nc3 dxe4 4. Nxe4 Bf5 5. Ng3 Bg6 6. f4 e6 7. c3 Nf6 8. Nf3 Nbd7 9. Bd3 Be7 10. O-O Qc7 11. Ne5 c5 12. Be3 Nd5 13. Qe2 cxd4 14. cxd4 Nxe5 15. fxe5 O-O 16. Rac1 Bxd3 17. Qxd3 Qb6 18. b3 Rac8 19. Ne4 Rfd8 20. Bg5 Rxc1 21. Rxc1 Bxg5 22. Nxg5 g6 23. Rf1 Rd7 24. Ne4 Nb4 25. Nf6+ Kg7 26. Nxd7 Nxd3 27. Nxb6 axb6 28. Rd1 Nb4 29. a3 Nd5 30. Rc1 Kf8 31. Rc8+ Ke7 32. Rb8 Kd7 33. Rxb7+ Ke8 34. Kf2 h5 35. Ke2 1-0

[Event "Early-Titled-Tuesday-Blitz-February-27-2024"]
[Site "Chess.com"]
[Date "2024.02.27"]
[Round "9"]
[White "LimeInTheCoconut"]
[Black "Chesstiger64"]
[Result "1-0"]
[WhiteElo "2503"]
[BlackElo "2354"]
[TimeControl "180+1"]
[EndTime "9:44:23 PST"]
[Termination "LimeInTheCoconut won by checkmate"]

1. b3 d5 2. Bb2 Bg4 3. h3 Bh5 4. g4 Bg6 5. Bg2 e6 6. Nf3 c5 7. Ne5 Nc6 8. Nxg6 hxg6 9. e3 Nf6 10.
Qe2 Bd6 11. d3 Be5 12. c3 Qc7 13. Nd2 Bd6 14. O-O-O b5 15. c4 bxc4 16. dxc4 Rb8 17. cxd5 Nxd5 18. Nc4 O-O 19. Bxd5 exd5 20. Rxd5 Be7 21.
Rhd1 Bf6 22. Bxf6 gxf6 23. Rd7 Qh2 24. Qf3 Ne5 25. Qxf6 Nxd7 26. Rxd7 Rb6 27. Nxb6 axb6 28. Qf3 Qg1+ 29. Rd1 Qh2 30. Qg3 Qxg3 31. fxg3 Re8 32. Rd3 Re6 33. Kd2 Kg7 34. Ke2 Kf6 35. a4 Ke5 36. Kf3 Rc6 37. Rd7 f6 38. Re7+ Kd6 39.
Rb7 Ke5 40. h4 Rd6 41. h5 gxh5 42.
gxh5 f5 43. Re7+ Kf6 44. Rb7 Kg5 45. Rh7 Rd3 46. Rg7+ Kxh5 47. Kf4 Rxb3 48. Kxf5 Rxe3 49. Rh7# 1-0

[Event "Early-Titled-Tuesday-Blitz-February-27-2024"]
[Site "Chess.com"]
[Date "2024.02.27"]
[Round "9"]
[White "Bastiandash"]
[Black "NewYearGirl"]
[Result "1-0"]
[WhiteElo "2585"]
[BlackElo "2374"]
[TimeControl "180+1"]
[EndTime "9:44:24 PST"]
[Termination "Bastiandash won by resignation"]

1. d4 Nf6 2. Nf3 c5 3. d5 b5 4. c4 b4 5. Qc2 d6 6. e4 g6 7.
Bd3 Bg7 8. O-O O-O 9. Re1 a5 10. e5 dxe5 11. Nxe5 Nfd7 12. Nxd7 Bxd7 13. Bf4 a4 14.
Nd2 a3 15. Be5 Bxe5 16. Rxe5 axb2 17. Qxb2 Ra3 18. Bc2 Ba4 19. Nb1 Bxc2 20. Nxa3 Bd3 21. Qb3 Nd7 22. Re3 Bf5 23. Nb5 Nb6 24. Rae1 e6 25. d6 Qa8 26. a3 bxa3 27. Nxa3 Rb8 28. Nb5 Qa5 29. Rd1 Nd7 30. Re2 e5 31. Ra2 Qb6 32. Qc3 Be6 33. Ra7 Qc6 34. Rda1 h5 35.
f3 h4 36. Rc7 Qb6 37. Raa7 Rd8 38. Qb3 h3 39. Qa4 hxg2 40. Rab7 Bxc4 41. Rxb6 Nxb6 42.
Qa5 Nd5 43. Rxc5 1-0

[Event "Early-Titled-Tuesday-Blitz-February-27-2024"]
[Site "Chess.com"]
[Date "2024.02.27"]
[Round "9"]
[White "burbur555"]
[Black "AlexTruskavetsky"]
[Result "0-1"]
[WhiteElo "2569"]
[BlackElo "2743"]
[TimeControl "180+1"]
[EndTime "9:44:25 PST"]
[Termination "AlexTruskavetsky won on time"]

1. c4 Nf6 2. g3 g6 3. Bg2 Bg7 4.
d4 O-O 5. e4 d6 6. Ne2 Nbd7 7. O-O e5 8. Nbc3 h6 9. h3 c6 10. Be3 Qe7 11. Qd2 Kh7 12. Rad1 Ne8 13. b3 f5 14. dxe5 dxe5 15. exf5 gxf5 16. f4 e4 17. Bd4 Ndf6 18. Be5 Be6 19. Qe3 h5 20. Rd2 Nd7 21. Bxg7 Nxg7 22. g4 hxg4 23. hxg4 Nf6 24. g5 Ng4 25. Qh3+ Kg6 26. Nxe4 fxe4 27. Nd4 Rh8 28.
Qg3 Qc5 29. b4 Qe7 30. Bxe4+ Bf5 31. Nxf5 Qxe4 32. Nh4+ Rxh4 33. Qxh4 Qe3+ 34. Kh1 Nf5 35. Rd6+ Nxd6 36. Qxg4 Nf5 0-1

[Event "Early-Titled-Tuesday-Blitz-February-27-2024"]
[Site "Chess.com"]
[Date "2024.02.27"]
[Round "9"]
[White "LeoLV10"]
[Black "DrCeltic"]
[Result "0-1"]
[WhiteElo "2463"]
[BlackElo "2579"]
[TimeControl "180+1"]
[EndTime "9:44:27 PST"]
[Termination "DrCeltic won by resignation"]

1. e4 c5 2. Nf3 e6 3. d4 cxd4 4.
Nxd4 Nf6 5. Nc3 d6 6. g4 h6 7. h4 Nc6 8. Rg1 d5 9. Bb5 Bd7 10. Bxc6 Bxc6 11. e5 Nd7 12. f4 Qxh4+ 13. Kf1 Bc5 14.
Be3 f6 15. Qf3 fxe5 16. Rh1 Qf6 17. g5 Qf7 18. Nxc6 bxc6 19. Bxc5 Nxc5 20. Re1 O-O 21.
Rxe5 Qxf4 22. Qxf4 Rxf4+ 23. Ke2 hxg5 24. Rxg5 Raf8 25. Rh2 Nd7 26. Rhg2 R8f7 27. Rg6 R4f6 28. R6g4 e5 29. Ra4 Nc5 30. Ra5 Ne6 31. Ra6 Nf4+ 0-1

[Event "Early-Titled-Tuesday-Blitz-February-27-2024"]
[Site "Chess.com"]
[Date "2024.02.27"]
[Round "9"]
[White "scarabee43"]
[Black "Boundless_Strike"]
[Result "1-0"]
[WhiteElo "2891"]
[BlackElo "2641"]
[TimeControl "180+1"]
[EndTime "9:44:29 PST"]
[Termination "scarabee43 won on time"]

1. Nf3 d6 2. d4 e5 3. dxe5 Bg4 4. exd6 Bxd6 5. Nc3 Nc6 6. e4 Qe7 7. Be2 O-O-O 8.
Bg5 f6 9. Bd2 Bxf3 10. Bxf3 Bf4 11. Bxf4 Rxd1+ 12. Rxd1 Ne5 13. Be2 c6 14. O-O h5 15.
Be3 Kb8 16. Na4 b6 17. b3 Nh6 18.
h3 g5 19. f4 gxf4 20. Bxf4 b5 21. Nb2 Qc5+ 22. Kh2 Qxc2 23. Nd3 Nf7 24. Rd2 Qc3 25. Rc1 Qa5 26. Nc5 Kc8 27. a4 Qb4 28. axb5 1-0

[Event "Early-Titled-Tuesday-Blitz-February-27-2024"]
[Site "Chess.com"]
[Date "2024.02.27"]
[Round "9"]
[White "abeljusto"]
[Black "deepfear"]
[Result "1-0"]
[WhiteElo "2099"]
[BlackElo "1968"]
[TimeControl "180+1"]
[EndTime "9:44:30 PST"]
[Termination "abeljusto won on time"]

1. d4 Nf6 2. Bf4 g6 3. Nc3 Bg7 4. e4 d6 5. Qd2 Nc6 6. O-O-O a6 7. f3 b5 8. Bh6 Bxh6 9. Qxh6 b4 10. Nd5 Nxd5 11.
exd5 Na5 12. Ne2 Bb7 13. Nf4 Qd7 14. g3 O-O-O 15. Bh3 f5 16. Rhe1 Qa4 17. Kb1 Rde8 18. Qg7 e5 19. dxe6 Bxf3 20. Rd3 Be4 21. Rd2 b3 22. Qd7+ Kb8 23. Qxa4 bxc2+ 24. Rxc2 1-0

[Event "Early-Titled-Tuesday-Blitz-February-27-2024"]
[Site "Chess.com"]
[Date "2024.02.27"]
[Round "9"]
[White "jamengrand"]
[Black "azikom"]
[Result "1-0"]
[WhiteElo "2423"]
[BlackElo "2611"]
[TimeControl "180+1"]
[EndTime "9:44:32 PST"]
[Termination "jamengrand won on time"]

1. e4 c6 2. Nf3 d5 3. exd5 cxd5 4. Ne5 Nc6 5. d4 Nxe5 6. dxe5 e6 7. Bd3 Ne7 8. Nd2 Bd7 9. Nf3 Nc6 10. O-O Qb6 11. c3 h6 12. b4 a5 13. b5 Na7 14. a4 Bc5 15. Qe2 Nc8 16. Nd4 Bxd4 17. cxd4 Qxd4 18. Ba3 Qxa4 19. Qe3 Qh4 20. Rac1 Ne7 21. g3 d4 22. Qf3 Qg5 23. Qxb7 Rd8 24. f4 Qh5 25. Bxe7 Kxe7 26.
Qc7 f5 27. Qd6+ Ke8 28. Rc7 Qf7 29. b6 Qe7 30. Qxd4 Kf7 31. Bb5 1-0